 Dungeon Crawl Stone Soup version 0.20-a0-435-gf4ea4dd (webtiles) character file.

2921 Crimsoncloak the Cleaver (level 9, 0/78 HPs)
             Began as a Hill Orc Fighter on Jan 6, 2017.
             Was a Follower of Okawaru.
             Slain by Gastronok (19 damage)
             ... on level 8 of the Dungeon.
             The game lasted 00:33:16 (9071 turns).

Crimsoncloak the Cleaver (Hill Orc Fighter)         Turns: 9071, Time: 00:33:16

Health: 0/78       AC: 16    Str: 22    XL:     9   Next: 79%
Magic:  10/11      EV:  9    Int:  8    God:    Okawaru [*.....]
Gold:   503        SH: 14    Dex: 12    Spells: 8/8 levels left

rFire  . . .     SeeInvis .     a - +1 war axe
rCold  + . .     Gourm    .     p - +0 plate armour
rNeg   . . .     Faith    .     c - +1 shield
rPois  .         Spirit   .     (no helmet)
rElec  .         Reflect  .     (no cloak)
rCorr  .         Harm     .     (no gloves)
MR     +....                    F - +0 pair of boots
Stlth  ..........               (no amulet)
                                j - ring of protection from magic
                                w - ring "Dechev" {+Blink rC+ Dex+2}

@: heroism, slowed, very slow
A: no striking features
a: Heroism, Renounce Religion, Evoke Blink


You were on level 8 of the Dungeon.
You worshipped Okawaru.
Okawaru was aware of your devotion.
You were very hungry.

You visited 2 branches of the dungeon, and saw 9 of its levels.
You also visited: Sewer.

You collected 503 gold pieces.

Inventory:

Hand Weapons
 a - a +1 war axe (weapon)
 k - a +0 dire flail of holy wrath
Missiles
 n - 161 stones (quivered)
 y - 2 javelins
 E - a throwing net
Armour
 c - a +1 shield (worn)
 p - a +0 plate armour (worn)
 F - a +0 pair of boots (worn)
Jewellery
 j - a ring of protection from magic (right hand)
 w - the ring "Dechev" (left hand) {+Blink rC+ Dex+2}
   (You found it on level 5 of the Dungeon)

   [ring of dexterity]

   It affects your dexterity (+2).
   It protects you from cold.
   It lets you blink.
 L - an uncursed ring of see invisible
Wands
 b - a wand of flame (20/48)
 I - a wand of acid (3/15)
Scrolls
 e - 3 scrolls of teleportation
 m - a scroll of fear {unknown}
 s - a scroll of enchant armour
 t - 3 scrolls of blinking
 u - 2 scrolls of remove curse
 B - 2 scrolls of recharging
 D - a scroll of amnesia {unknown}
 G - a scroll of magic mapping
 J - a scroll of holy word {unknown}
Potions
 d - a potion of might
 g - 4 potions of curing
 l - a potion of heal wounds
 o - a potion of cure mutation {unknown}
 q - 3 potions of haste {unknown}
 v - a potion of agility
 z - 2 potions of berserk rage {unknown}
Comestibles
 f - 10 bread rations
 h - 6 meat rations
 r - 7 fruits
 x - a slice of pizza
 C - 8 beef jerkies


   Skills:
 + Level 6.8(11.8) Fighting
 - Level 10.3(15.3) Axes
 - Level 3.4(8.4) Throwing
 + Level 7.0(12.0) Armour
 + Level 7.1(12.1) Shields
 * Level 3.1 Invocations
 + Level 1.5 Evocations


You had 8 spell levels left.
You didn't know any spells.

Dungeon Overview and Level Annotations

Branches:
Dungeon (8/15)             Temple (1/1) D:7
   Lair: D:8-11

Altars:
Ashenzari
Cheibriados
Dithmenos
Elyvilon
Fedhas
Gozag
Hepliaklqana
Kikubaaqudgha
Makhleb
Nemelex Xobeh
Okawaru
Ru
Sif Muna
Trog
Uskayaw
Vehumet
Xom
Yredelemnul
Zin
The Shining One

Annotations:
D:8 Gastronok


Message History

You block the bat's attack. The bat hits you but does no damage. x2
The bat closely misses you.
You closely miss the bat. You block the bat's attack.
Gastronok's eyestalks quiver as he mumbles some strange words.
You block the bat's attack.
You slash the bat!
You kill the bat!
The bat's corpse disappears in a puff of smoke!
You hit Gastronok.
Gastronok is heavily wounded.
You hit Gastronok.
Gastronok is heavily wounded.
Gastronok bites you!!
* * * LOW HITPOINT WARNING * * *
You hit Gastronok.
Gastronok is heavily wounded.
You slice Gastronok!!
Gastronok is severely wounded.
Gastronok bites you!!
You die...

##.###########.# #.(..
########....).........#####<...
#.......(..........[.....##.#(.
#
#.######.#############......##.
###.######(# #...#####.
...........# ###### ##
###.######.# ##.## #.#
#.###############...## #.#
#...bbw@.....).......# #.#
#################...## #.#
##.## #.# #.# ###.# #.# ....#
#.# ##### #.# #.##### #....).


You could see Gastronok and 2 bats.

Vanquished Creatures
  Edmund (D:4)
  Purgy (Sewer)
  3 ice beasts
  2 orc warriors
  A sky beast (D:4)
  3 ogres
  2 centaurs
  A big kobold (D:4)
  A crocodile (D:8)
  2 scorpions (D:4)
  6 killer bees
  The ghost of M4edhros the Sneak, a weakling OpAr (D:4)
  3 crimson imps
  6 orc priests
  3 hounds (D:8)
  A jelly (D:6)
  10 orc wizards
  Jessica (D:2)
  An iguana (D:7)
  5 worker ants
  A hound zombie (D:8)
  A worker ant zombie (D:6)
  11 gnolls
  A howler monkey skeleton (D:4)
  7 adders
  2 oozes
  2 worms
  3 dart slugs
  2 leopard geckos
  46 orcs
  4 ball pythons
  10 giant cockroaches
  4 goblins
  9 hobgoblins
  3 jackals (D:6)
  2 quokkas
  11 bats
  8 frilled lizards
  4 kobolds (D:2)
  A leopard gecko skeleton (D:8)
  10 rats
  A spectral orc (D:4)
197 creatures vanquished.

Notes
Turn   | Place    | Note
-------+----------+-------------------------------------------
     0 | D:1      | Crimsoncloak the Hill Orc Fighter began the quest for the Orb.
     0 | D:1      | Reached XP level 1. HP: 19/19 MP: 1/1
    53 | D:1      | Reached skill level 3 in Axes
   350 | D:1      | Reached XP level 2. HP: 25/27 MP: 2/2
   698 | D:1      | Reached XP level 3. HP: 30/33 MP: 3/3
  1013 | D:2      | Noticed Jessica
  1025 | D:2      | Killed Jessica
  1037 | D:2      | Reached XP level 4. HP: 33/40 MP: 4/4
  1182 | D:2      | Found a radiant altar of Vehumet.
  1315 | D:2      | Found a snail-covered altar of Cheibriados.
  1619 | D:2      | Reached skill level 4 in Axes
  1631 | D:2      | Found a shimmering altar of Xom.
  2313 | D:3      | Found a glowing drain.
  2318 | Sewer    | Entered a sewer
  2388 | Sewer    | Noticed Purgy
  2411 | Sewer    | Killed Purgy
  2411 | Sewer    | Reached skill level 5 in Axes
  2411 | Sewer    | Reached XP level 5. HP: 13/47 MP: 5/5
  3176 | D:4      | Reached XP level 6. HP: 49/53 MP: 6/6
  3225 | D:4      | Noticed M4edhros's ghost (weakling OpAr)
  3239 | D:4      | Killed M4edhros's ghost
  3308 | D:4      | Reached skill level 5 in Fighting
  3398 | D:4      | Reached skill level 6 in Axes
  3419 | D:4      | Reached skill level 5 in Shields
  3419 | D:4      | Reached XP level 7. HP: 11/61 MP: 7/7
  3763 | D:4      | Reached skill level 7 in Axes
  3924 | D:4      | Found a hazy altar of Hepliaklqana.
  3928 | D:4      | Found a sparkling altar of Nemelex Xobeh.
  3982 | D:4      | Noticed Edmund
  4005 | D:4      | Killed Edmund
  4005 | D:4      | Reached skill level 5 in Armour
  4009 | D:4      | Reached XP level 8. HP: 22/70 MP: 8/8
  4280 | D:4      | Found a sacrificial altar of Ru.
  4343 | D:4      | Reached skill level 8 in Axes
  4608 | D:4      | Found a basalt altar of Yredelemnul.
  4658 | D:5      | Entered Level 5 of the Dungeon
  4677 | D:5      | Got a smoking granite ring
  4698 | D:5      | Found a shattered altar of Ashenzari.
  4841 | D:5      | Reached skill level 1 in Throwing
  5141 | D:4      | Identified the ring "Dechev" {+Blink rC+ Dex+2} (You found it on level 5 of the Dungeon)
  5225 | D:5      | Found an opulent altar of Gozag.
  5230 | D:5      | Found a glowing silver altar of Zin.
  5408 | D:5      | Reached skill level 9 in Axes
  6191 | D:6      | Reached XP level 9. HP: 14/75 MP: 9/9
  7076 | D:7      | Found a staircase to the Ecumenical Temple.
  7229 | Temple   | Entered the Ecumenical Temple
  7270 | Temple   | Became a worshipper of Warmaster Okawaru
  7498 | D:7      | Reached skill level 10 in Axes
  8034 | D:8      | Noticed Gastronok
  8410 | D:8      | Reached skill level 1 in Invocations
  8634 | D:8      | Reached * piety under Okawaru
  8634 | D:8      | Reached skill level 1 in Evocations
  9071 | D:8      | Slain by Gastronok

Vault maps used:
D:1:      onia_arrival_handbag, hangedman_decor_growths
D:2:      marbit_many_paths, lemuel_crystal_altar, fiery_altar_vehumet,
          uniq_jessica
D:3:      portal_sewer_entry_e
D:4:      nicolae_ru_the_path_less_chosen, gammafunk_temple_overflow_statue,
          yredelemnul_forgotten_temple_becter, first_bread, uniq_edmund
D:5:      grunt_temple_overflow_gold_and_silver, cheibrodos_ashenzari_chains
D:7:      interstate_on_off, grunt_ogre_cave
D:8:      uniq_gastronok
Temple:   jpeg_temple_alley_garden
Sewer:    sewer_big_baddie

Skill      XL: |  1  2  3  4  5  6  7  8  9 |
---------------+----------------------------+-----
Axes           | 3 5 6 7 9 10 | 10.3
Fighting       | 4 5 6 |  6.8
Shields        | 4 5 6 7 |  7.1
Armour         | 4 5 6 7 |  7.0
Throwing       | 2 3 |  3.4
Invocations    | 3 |  3.1
Evocations     | 1 |  1.5

Action                   |  1- 3 |  4- 6 |  7- 9 || total
-------------------------+-------+-------+-------++-------
Melee: War axe           |    91 |   239 |   480 ||   810
Throw: Stone             |       |       |    12 ||    12
       Tomahawk          |       |       |    19 ||    19
Invok: Heroism           |       |       |     2 ||     2
Evoke: Wand              |       |       |     1 ||     1
  Use: Scroll            |       |     7 |     7 ||    14
       Potion            |       |     1 |       ||     1
  Eat: Chunk             |     1 |     8 |    17 ||    26
Armor: Scale mail        |    40 |     1 |       ||    41
       Plate armour      |       |   179 |   274 ||   453
Dodge: Dodged            |    41 |    58 |    92 ||   191
Block: Shield            |    56 |   187 |   303 ||   546
